 Dungeon Crawl Stone Soup version 0.21.1-1-g345015fe64 (webtiles) character file.

370 fellowfoe the Slinger (level 7, -1/45 HPs)
             Began as a Halfling Hunter on June 7, 2018.
             Slain by an adder (2 damage)
             ... on level 5 of the Dungeon.
             The game lasted 00:30:05 (3318 turns).

fellowfoe the Slinger (Halfling Hunter)             Turns: 3318, Time: 00:30:06

Health: -1/45      AC:  4    Str: 13    XL:     7   Next: 2%
Magic:  7/7        EV: 15    Int:  9    God:
Gold:   210        SH:  0    Dex: 17    Spells: 6/6 levels left

rFire    . . .     SeeInvis .   a - +2 hunting sling
rCold    . . .     Gourm    .   (shield restricted)
rNeg     . . .     Faith    .   c - +0 leather armour
rPois    .         Spirit   .   (no helmet)
rElec    .         Reflect  .   (no cloak)
rCorr    .         Harm     .   (no gloves)
MR       .....                  i - +0 pair of boots
Stlth    +.........             (no amulet)
HPRegen  0.15/turn              (no ring)
MPRegen  0.10/turn              (no ring)

@: lethally poisoned (-1 -> -2), glowing
A: small, mutation resistance 1
a: no special abilities


You were on level 5 of the Dungeon.
You were not hungry.

You visited 1 branch of the dungeon, and saw 5 of its levels.

You collected 210 gold pieces.

Inventory:

Hand Weapons
 a - a +2 hunting sling (weapon)
 b - a +0 short sword
 y - a +0 blowgun
Missiles
 e - 35 stones (quivered)
 o - 37 poisoned needles
Armour
 c - a +0 leather armour (worn)
 i - a +0 pair of boots (worn)
 B - a +0 helmet
Jewellery
 h - an uncursed ring of positive energy {unknown}
 j - an uncursed amulet of magic regeneration {unknown}
 m - a cursed amulet of inaccuracy {unknown}
 n - an uncursed amulet of harm {unknown}
 u - a +5 ring of strength {unknown}
 v - a cursed amulet of inaccuracy {unknown}
Wands
 d - a wand of polymorph (10)
Scrolls
 g - 2 scrolls of enchant armour {unknown}
 q - a scroll of teleportation
 r - a scroll of remove curse {unknown}
 t - a scroll of identify
Potions
 k - a potion of resistance {unknown}
 l - 2 potions of haste
 p - a potion of curing
 s - a potion of lignification {unknown}
 w - a potion of might {unknown}
 z - 2 potions of heal wounds {unknown}
 A - a potion of magic {unknown}
 C - a potion of mutation {unknown}
Comestibles
 f - 7 rations


   Skills:
 + Level 2.7 Fighting
 + Level 9.2(9.4) Slings
 * Level 2.1(4.6) Throwing
 + Level 1.0 Armour
 + Level 2.4 Dodging
 * Level 2.8 Stealth


You had 6 spell levels left.
You didn't know any spells.

Dungeon Overview and Level Annotations

Branches:
Dungeon (5/15)
 Temple: D:4-7

Altars:
Ashenzari
Vehumet

Annotations:
D:1 Terence
D:3 Artool's ghost, amateur DsBe
D:4 Blork the orc; Dowan; Duvessa
D:5 P0WERM0DE's ghost, novice GnNe


Innate Abilities, Weirdness & Mutations

You are small and have problems with some larger weapons.
You are somewhat resistant to further mutation.


Message History

You shoot a stone. The stone misses the adder.
The stone hits the giant cockroach but does no damage.
The adder bites you.
* * * LOW HITPOINT WARNING * * *
You are lethally poisoned!
The adder poisons you!
Firing (i - inventory):
e - 37 stones (quivered)
Press: ? - help, Shift-Dir - straight line, f/p - adder
Aim: an adder (lightly wounded)
You shoot a stone. The stone misses the adder.
The stone closely misses the giant cockroach.
* * * LOW HITPOINT WARNING * * *
You feel sick. The adder closely misses you.
Firing (i - inventory):
e - 36 stones (quivered)
Press: ? - help, Shift-Dir - straight line, f/p - adder
Aim: an adder (lightly wounded)
You shoot a stone. The stone hits the adder.
The adder is heavily wounded.
The adder bites you.
You die...

..(((. ....
.... . ##
..... ..#
#. .....
....##.
#.....
#....
##.....
#..#.......
#..@(.....(
#.#S###....
# #s# . ...
... ...[.
.....
...(.(=


You could see an adder and a giant cockroach.

Vanquished Creatures
  A scorpion (D:5)
  A bullfrog zombie (D:5)
  An orc priest (D:3)
  A worker ant (D:4)
  Natasha (thrice) (D:2)
  4 gnolls
  4 adders
  An ooze (D:1)
  5 worms
  2 dart slugs (D:2)
  2 leopard geckos
  4 orcs (D:3)
  2 ball pythons
  4 giant cockroaches
  6 goblins
  2 hobgoblins (D:1)
  3 jackals (D:5)
  9 kobolds
  A quokka (D:3)
  9 bats
  6 frilled lizards
  9 rats
80 creatures vanquished.

Notes
Turn   | Place    | Note
-------+----------+-------------------------------------------
     0 | D:1      | fellowfoe the Halfling Hunter began the quest for the Orb.
     0 | D:1      | Reached XP level 1. HP: 14/14 MP: 1/1
    93 | D:2      | Noticed Terence
    98 | D:1      | Reached skill level 6 in Slings
   171 | D:1      | Reached XP level 2. HP: 18/19 MP: 2/2
   322 | D:1      | Reached XP level 3. HP: 24/24 MP: 3/3
   472 | D:1      | Reached skill level 7 in Slings
   661 | D:1      | You fall through a shaft!
   773 | D:2      | Found a shattered altar of Ashenzari.
   809 | D:2      | Reached XP level 4. HP: 24/29 MP: 4/4
   977 | D:2      | Noticed Natasha
  1145 | D:2      | Killed Natasha
  1145 | D:2      | Reached XP level 5. HP: 27/35 MP: 5/5
  1170 | D:2      | Found a radiant altar of Vehumet.
  1332 | D:3      | Noticed Artool's ghost (amateur DsBe)
  1368 | D:2      | Noticed Natasha
  1370 | D:2      | Killed Natasha
  1370 | D:2      | Reached skill level 8 in Slings
  1370 | D:2      | Reached skill level 1 in Throwing
  1407 | D:2      | Noticed Natasha
  1412 | D:2      | Killed Natasha
  1640 | D:3      | Reached XP level 6. HP: 25/41 MP: 6/6
  2407 | D:4      | Noticed Blork the orc
  2938 | D:5      | Entered Level 5 of the Dungeon
  2945 | D:5      | Reached skill level 1 in Armour
  3035 | D:5      | Reached skill level 9 in Slings
  3050 | D:5      | Noticed P0WERM0DE's ghost (novice GnNe)
  3287 | D:4      | Noticed Duvessa
  3287 | D:4      | Noticed Dowan
  3314 | D:5      | Reached XP level 7. HP: 3/45 MP: 7/7
  3316 | D:5      | HP: 2/45 [adder (1)]
  3318 | D:5      | Slain by an adder

Skill      XL: |  1  2  3  4  5  6 |
---------------+-------------------+-----
Slings         | 6 7 8 9 |  9.2
Fighting       | 2 |  2.7
Throwing       | 1 2 |  2.1
Stealth        | 2 |  2.8
Armour         | 1 |  1.0
Dodging        | |  2.4

Action                   |  1- 3 |  4- 6 |  7- 9 || total
-------------------------+-------+-------+-------++-------
 Fire: Hunting sling     |    78 |   175 |     4 ||   257
  Use: Scroll            |     3 |     1 |       ||     4
       Potion            |       |     1 |       ||     1
  Eat: Chunk             |       |     4 |       ||     4
       Ration            |       |     1 |       ||     1
Armor: Leather armour    |     4 |     9 |       ||    13
Dodge: Dodged            |    16 |    32 |     2 ||    50
